 Dungeon Crawl Stone Soup version 0.29-a0-834-g1e95ca9f62 (webtiles) character file.

Game seed: 7643501324308791411

36 mdonais the Changer (level 3, 0/29 HPs)
             Began as a Meteoran Wanderer on July 12, 2022.
             Slain by a shadow imp (4 damage)
             ... summoned by Natasha
             ... on level 3 of the Dungeon.
             The game lasted 00:07:46 (755 turns).

mdonais the Changer (Meteoran Wanderer)              Turns: 755, Time: 00:07:47

Health: 0/29       AC:  3    Str: 17    XL:     3   Next: 82%
Magic:  0/6        EV: 12    Int: 13    God:
Gold:   109        SH:  0    Dex: 12    Spells: 3/4 levels left

rFire   . . .      SeeInvis .   a - +0 spear
rCold   . . .      Faith    .   (no shield)
rNeg    . . .      Spirit   .   e - +0 leather armour
rPois   .          Reflect  .   (no helmet)
rElec   .          Harm     .   (no cloak)
rCorr   .          Rampage  .   (no gloves)
Will    .....                   (no boots)
Stlth   +.........              (no amulet)
HPRegen 0.09/turn               (no ring)
MPRegen 0.10/turn               (no ring)

@: mighty, very slightly contaminated, slowed, glowing, very slow
A: sense surroundings 1, otherworldly, glowing, explore regen
a: no special abilities


You were on level 3 of the Dungeon.
You visited 1 branch of the dungeon, and saw 3 of its levels.

You collected 109 gold pieces.

Inventory:

Hand Weapons
 a - a +0 spear (weapon)
 c - a +0 dagger
 f - a +0 whip
   (You found it on level 1 of the Dungeon)
 o - a +0 dagger
   (You took it off a goblin on level 3 of the Dungeon)
 r - a +0 long sword
   (You found it on level 3 of the Dungeon)
Missiles
 b - 27 poisoned darts (quivered)
Armour
 e - a +0 leather armour (worn)
 i - a +0 ring mail
   (You found it on level 1 of the Dungeon)
Scrolls
 d - 2 scrolls of fog
 g - a scroll of fear {unknown}
 j - a scroll of identify {unknown}
 k - a scroll of poison {unknown}
 m - a scroll of immolation {unknown}
Potions
 l - a potion of cancellation {unknown}
 n - a potion of berserk rage {unknown}
 p - a potion of flight {unknown}
 q - a potion of mutation {unknown}


   Skills:
 * Level 2.0 Fighting
 - Level 1.2 Polearms
 - Level 2.4 Throwing
 - Level 1.2 Armour
 - Level 2.4 Dodging
 + Level 1.7 Unarmed Combat
 - Level 1.3 Spellcasting
 - Level 3.6 Transmutations
 + Level 1.6 Poison Magic


You had 3 spell levels left.
You knew the following spells:

 Your Spells              Type           Power      Damage    Failure   Level
a - Sting                 Tmut/Pois      28%        1d4       11%         1

Your spell library contained the following spells:

 Spells                   Type           Power      Damage    Failure   Level
 Passwall                 Tmut/Erth      4%         N/A       24%         2
 Apportation              Tloc           0%         N/A       32%         1
 Spider Form              Tmut/Pois      7%         N/A       32%         3
 Poisonous Vapours        Pois/Air       6%         N/A       34%         2
 Corpse Rot               Necr/Pois/Air  2%         N/A       95%         4
 Alistair's Intoxication  Tmut/Pois      4%         N/A       97%         5


Dungeon Overview and Level Annotations

Branches:
Dungeon (3/15) Zot: 1040

Altars:

Annotations:
D:3 Natasha


Innate Abilities, Weirdness & Mutations

You passively map a small area around you.
You are easily found by Zot.
You glow in the dark.
You regain HP and MP as you explore.


Message History

You throw a poisoned dart. The poisoned dart hits the worm.
The worm looks even sicker.
Throw: 24 darts (poison)
Press: ? - help, Q - select action, (/) - cycle Shift-Dir - straight line, f/p - worm
Aim: a worm (lightly wounded, very poisoned, 77% to hit)
You throw a poisoned dart. The poisoned dart hits the worm.
The worm is lightly wounded.
Casting: Sting (safe; 11% risk of failure)
Confirm with . or Enter, or press ? or * to list all spells.
Aiming: Sting (safe; 11% risk of failure)
Press: ? - help, Shift-Dir - straight line, f/p - worm
Aim: a worm (lightly wounded, very poisoned, 89% to hit)
The sting hits the worm.
The worm looks as sick as possible!
The worm is lightly wounded.
You now have 5/6 mp.
Casting: Sting (safe; 11% risk of failure)
Confirm with . or Enter, or press ? or * to list all spells.
Aiming: Sting (safe; 11% risk of failure)
Press: ? - help, Shift-Dir - straight line, f/p - worm
Aim: a worm (lightly wounded, extremely poisoned, 89% to hit)
The sting hits the worm.
The worm looks as sick as possible!
The worm is moderately wounded.
You now have 4/6 mp.
Casting: Sting (safe; 11% risk of failure)
Confirm with . or Enter, or press ? or * to list all spells.
Aiming: Sting (safe; 11% risk of failure)
Press: ? - help, Shift-Dir - straight line, f/p - worm
Aim: a worm (severely wounded, extremely poisoned, 89% to hit)
The sting hits the worm.
The worm looks as sick as possible!
You kill the worm!
You now have 3/6 mp.
b - 25 poisoned darts (gained 2)
b - 27 poisoned darts (gained 2)
You see here a +0 long sword.
You see here a +0 long sword.
r - a +0 long sword MP restored: 6 A kobold comes into view.
It is wielding a +0 short sword.
Found a scroll labelled ESUUSA VIOM.
The kobold shouts!
You hear an angry hiss.
The kobold moves out of view.
Natasha, Servant of Life and Death comes into view.
Natasha hisses angrily.
Natasha drinks a potion.
Natasha's spells are empowered!
Casting: Sting (safe; 11% risk of failure)
Confirm with . or Enter, or press ? or * to list all spells.
Aiming: Sting (safe; 11% risk of failure)
Press: ? - help, Shift-Dir - straight line, f - kobold
Aim: a kobold, wielding a +0 short sword and quivering stones (60% to hit)
The sting hits the kobold.
The kobold is poisoned.
The kobold is moderately wounded.
You now have 5/6 mp.
Casting: Sting (safe; 11% risk of failure)
Confirm with . or Enter, or press ? or * to list all spells.
Aiming: Sting (safe; 11% risk of failure)
Press: ? - help, Shift-Dir - straight line, f - Natasha, p - kobold
Aim: Natasha (spells empowered, 60% to hit)
The sting hits the kobold but does no damage.
The kobold looks even sicker.
The kobold is moderately wounded.
The kobold completely misses you.
You now have 4/6 mp.
Casting: Sting (safe; 11% risk of failure)
Confirm with . or Enter, or press ? or * to list all spells.
Aiming: Sting (safe; 11% risk of failure)
Press: ? - help, Shift-Dir - straight line, f/p - Natasha
Aim: Natasha (spells empowered, 60% to hit)
The sting hits the kobold.
The kobold looks even sicker.
You kill the kobold!
Your Fighting skill increases to level 2!
You now have 3/6 mp.
Casting: Sting (safe; 11% risk of failure)
Confirm with . or Enter, or press ? or * to list all spells.
Aiming: Sting (safe; 11% risk of failure)
Press: ? - help, Shift-Dir - straight line, f/p - Natasha
Aim: Natasha (spells empowered, 60% to hit)
The sting hits Natasha.
Natasha is poisoned.
Natasha is lightly wounded.
Natasha claws you.
You take 2 damage, and have 27/29 hp.
You now have 2/6 mp.
Casting: Sting (safe; 11% risk of failure)
Confirm with . or Enter, or press ? or * to list all spells.
Aiming: Sting (safe; 11% risk of failure)
Press: ? - help, Shift-Dir - straight line, f/p - Natasha
Aim: Natasha (lightly wounded, spells empowered, poisoned, 60% to hit)
You miscast Sting.
You are very lightly contaminated with residual magic.
Nothing appears to happen.
Natasha casts a spell.
You now have 1/6 mp.
Casting: Sting (safe; 11% risk of failure)
Confirm with . or Enter, or press ? or * to list all spells.
Aiming: Sting (safe; 11% risk of failure)
Press: ? - help, Shift-Dir - straight line, f/p - Natasha
Aim: Natasha (moderately wounded, spells empowered, poisoned, 60% to hit)
The sting hits Natasha.
Natasha looks even sicker.
Natasha is moderately wounded.
Natasha claws you! The crimson imp barely misses you.
You take 9 damage, and have 18/29 hp.
MASSIVE DAMAGE!!
You now have 0/6 mp.
You barely miss Natasha.
Natasha is moderately wounded.
Natasha wildly gestures.
Natasha's front paws start to glow.
Natasha barely misses you. The crimson imp closely misses you.
Casting: Sting (safe; 11% risk of failure)
Confirm with . or Enter, or press ? or * to list all spells.
You don't have enough magic to cast this spell.
Unknown command.
You closely miss Natasha.
Natasha is heavily wounded.
Natasha stares at you and mumbles some strange words.
You feel yourself slow down. The crimson imp barely misses you.
Casting: Sting (safe; 11% risk of failure)
Confirm with . or Enter, or press ? or * to list all spells.
Aiming: Sting (safe; 11% risk of failure)
Press: ? - help, Shift-Dir - straight line, f/p - Natasha
Aim: Natasha (heavily wounded, spells empowered, very poisoned, 60% to hit)
You miscast Sting.
Nothing appears to happen.
Natasha claws you. The crimson imp hits you.
Natasha stares at you and mumbles some strange words.
The magic dart hits you.
You take 8 damage, and have 11/29 hp.
MASSIVE DAMAGE!!
You now have 0/6 mp.
You closely miss Natasha.
Natasha is severely wounded.
The crimson imp hits you but does no damage.
Natasha closely misses you. The crimson imp hits you.
You take 1 damage, and have 10/29 hp.
You closely miss Natasha.
Natasha is severely wounded.
Natasha mumbles some strange words.
The crimson imp barely misses you. Natasha claws you.
* * * LOW HITPOINT WARNING * * *
You take 4 damage, and have 6/29 hp.
You hit Natasha.
Natasha is severely wounded.
The crimson imp barely misses you. Natasha misses you. The shadow imp hits you.
* * * LOW HITPOINT WARNING * * *
The crimson imp closely misses you.
You take 2 damage, and have 4/29 hp.
Casting: Sting (safe; 11% risk of failure)
Confirm with . or Enter, or press ? or * to list all spells.
You don't have enough magic to cast this spell.
It was a potion of might.
You feel very mighty all of a sudden.
Natasha mumbles some strange words.
The shadow imp barely misses you. The crimson imp barely misses you.
Natasha casts a spell at you.
You struggle to resist.
The shadow imp hits you.
You die...

* * #... * *
#?..### * , ,
,,+.....,, , , ,
* #.....### ,, *
#.......# , , **
* *
#.#.5..♣..###..
#.h....♣♣.....#
######h5..#######
#....5@..........
,
#.#######.#######
* * ,#.#######.#
* * #.........# *
#.........## *
#..........# * *
#..........##
#...........# ,
,#.#########.## ,


You could see Natasha (empowered, poisoned), 2 crimson imps and a shadow imp
(summoned).

Vanquished Creatures
  An adder (D:3)
  A worm (D:3)
  A dart slug (D:2)
  An endoplasm (D:1)
  A giant cockroach (D:2)
  2 goblins
  2 hobgoblins
  4 kobolds
  A ball python (D:1)
  5 bats (D:2)
  A frilled lizard (D:3)
  2 rats (D:1)
22 creatures vanquished.

Notes
Turn   | Place    | Note
-------+----------+-------------------------------------------
     0 | D:1      | mdonais the Meteoran Wanderer began the quest for the Orb.
     0 | D:1      | mdonais set off with the following items: a +0 spear, 8
                  | poisoned darts, a +0 dagger, a scroll of fog, a +0 leather
                  | armour; and the following spell memorised: Sting; and the
                  | following spells available to memorise: Passwall, Spider
                  | Form.
     0 | D:1      | Reached XP level 1. HP: 14/14 MP: 3/3
   100 | D:1      | Reached XP level 2. HP: 22/22 MP: 5/5
   123 | D:1      | Reached skill level 1 in Unarmed Combat
   172 | D:2      | Reached skill level 1 in Fighting
   172 | D:2      | Reached skill level 1 in Poison Magic
   451 | D:2      | Reached XP level 3. HP: 27/28 MP: 3/6
   741 | D:3      | Noticed Natasha
   755 | D:3      | Slain by a shadow imp

Illustrated notes

Levels and vault maps discovered:
D:1:      dpeg_arrival_rooms_a, layout_loops_cross
D:2:      layout_basic
D:3:      cheibrodos_pilgrimage, layout_basic, chequers_mini_garden,
          uniq_natasha

Skill      XL: |  1  2  3 |
---------------+----------+-----
Unarmed Combat | 1 |  1.7
Fighting       | 1 2 |  2.0
Poison Magic   | 1 |  1.6
Polearms       | |  1.2
Throwing       | |  2.4
Armour         | |  1.2
Dodging        | |  2.4
Spellcasting   | |  1.3
Transmutations | |  3.6

Action                   || total
-------------------------++-------
Melee: Spear             ||    49
Throw: Dart              ||     5
 Cast: Sting             ||    21
  Use: Potion            ||     1
Armor: Leather armour    ||    16
Dodge: Dodged            ||    35

Table legend: (Time is in decaauts)
 A = Elapsed time spent in this place.
 B = Non-inter-level travel time spent in this place.
 C = Inter-level travel time spent in this place.
 D = Time resting spent in this place.
 E = Time spent auto-exploring this place.
 F = Levels seen in this place.
 G = Mean time per level.
                   A        B        C        D        E       F      G
               +--------+--------+--------+--------+--------+-----+--------+
         Total |    758 |    741 |     17 |      0 |     24 |   3 |  252.7 |
       Dungeon |    758 |    741 |     17 |      0 |     24 |   3 |  252.7 |
               +--------+--------+--------+--------+--------+-----+--------+

Top non-repeatable levels by time:
     D:2: 363 daAuts
     D:3: 245 daAuts
     D:1: 149 daAuts
